Map: Old Republic LE

Players

Jepsor

  • Race: Zerg Zerg
  • League: Master
  • Spawn Location: 7:00

GhostRobo - Winner!

  • Race: Terran Terran
  • Spawn Location: 1:00

VOD

Have the link to the VOD?

Description

Time

  • Played on: Dec. 10, 2025, 2:28 p.m.
  • Length: 9:52
Show
View Real Time Build Order
Export as new Build Order

Jepsor Zerg 

Build Orders: 3 Hatch before Pool 

Get SALT Encoding   

  12  0:04  Drone  
  13  0:10  Drone  
  14  1:12  Hatchery  
  13  1:28  Extractor  
  13  1:30  Hatchery  
  11  1:43  Drone  
  12  1:56  Drone  
  12  1:57  Drone  
  14  2:03  Spawning Pool  
  14  2:04  Drone  
  14  2:09  Evolution Chamber  
  14  2:10  Drone  
  14  2:26  Extractor  
  14  2:29  Drone x3  
  16  2:35  Overlord  
  16  2:38  Zerg Missile Weapons Level 1  
  16  2:51  Roach Warren  
  16  2:53  Queen  
  17  2:59  Drone  
  18  3:12  Drone x2  
  20  3:23  Zergling x6  
  23  3:36  Lair  
  23  3:41  Drone  
  24  4:10  Drone x2  
  24  4:11  Overlord x2  
  24  4:12  Drone  
  27  4:20  Zergling x4  
  29  4:32  Zerg Melee Weapons Level 1  
  29  4:35  Zergling x2  
  29  4:36  Zergling x4  
  24  4:55  Roach x3  
  28  5:05  Spine Crawler  
  24  5:30  Drone x2  
  24  5:31  Drone  
  27  5:35  Ravager x2  
  25  6:05  Drone x4  
  25  6:07  Roach  
  31  6:33  Queen  
  31  6:36  Drone  
  30  6:51  Roach x2  
  30  6:52  Roach  
  36  6:55  Overlord x2  
  36  7:20  Ravager x3  
  39  7:24  Drone x3, Overlord  
  39  7:25  Overlord  
  22  8:05  Spine Crawler  
  15  8:16  Drone x2  
  16  8:32  Zergling x2  
  16  8:40  Hatchery  
  13  8:49  Hatchery  
  6  9:07  Zergling x6  
Show
View Real Time Build Order
Export as new Build Order

GhostRobo Terran - Winner!

Build Orders:  

Get SALT Encoding   

  12  0:01  SCV  
  13  0:17  Supply Depot  
  13  0:29  SCV  
  14  0:41  Barracks  
  14  0:42  SCV  
  15  0:54  Refinery, SCV  
  16  1:06  SCV  
  17  1:18  SCV  
  18  1:30  Supply Depot, SCV  
  19  1:39  Barracks Reactor  
  19  1:42  SCV  
  20  1:54  SCV  
  21  2:04  Command Center  
  22  2:09  Orbital Command  
  21  2:24  Marine x2  
  23  2:35  Factory  
  23  2:42  Marine x2  
  25  2:52  Bunker  
  25  2:59  Marine  
  25  3:00  Marine  
  25  3:05  SCV  
  28  3:12  Refinery  
  28  3:17  Marine x2, SCV  
  31  3:29  SCV  
  31  3:31  Barracks  
  32  3:35  Marine x2  
  32  3:40  Factory Tech Lab  
  34  3:43  Starport  
  34  3:53  Marine x2  
  36  4:00  Orbital Command  
  36  4:07  Siege Tank  
  39  4:11  Marine x2  
  41  4:23  Marine  
  42  4:28  Marine, SCV  
  42  4:29  Marine  
  45  4:40  SCV  
  46  4:56  SCV  
  46  5:08  Marine  
  46  5:11  SCV  
  46  5:16  Marine  
  44  5:24  Marine  
  44  5:26  Marine  
  44  5:34  Marine  
  45  5:41  Marine  
  46  5:56  Siege Tank  
  46  5:57  Marine, Supply Depot x2  
  46  5:58  Supply Depot  
  46  6:02  Supply Depot  
  46  6:18  Marine x3  
  49  6:28  Siege Tank  
  51  6:36  Marine x3  
  52  6:54  Marine x3  
  52  7:00  Siege Tank  
  58  7:12  Marine x3  
  57  7:30  Marine x3  
  57  7:32  Siege Tank  
  62  7:48  Marine x3  
  64  8:04  Siege Tank  
  67  8:05  Marine x3  
  70  8:23  Marine x3  
  73  8:37  Siege Tank  
  75  8:41  Marine x3  
  74  8:59  Marine x3  
  77  9:17  Marine  
Tags
 
Add a new tag
Caveats
  • Supply blocks, unpowered buildings, or Contaminate may cause inaccurate times.
  • Supply counts are checked every 10 seconds.